Map: [ESL] Site Delta

Players

Scarlett - Winner!

  • Race: Zerg Zerg
  • Spawn Location: 5:00

eGGz

  • Race: Zerg Zerg
  • Spawn Location: 11:00

Event: ESL SC2 Masters 2023 Winter (Regional)

VOD

Have the link to the VOD?

Description

Time

  • Played on: Nov. 10, 2023, 1:22 p.m.
  • Length: 7:26

All games in this series

Show
View Real Time Build Order
Export as new Build Order

Scarlett Zerg - Winner!

Build Orders: Hatch First 

Get SALT Encoding   

  12  0:00  Drone  
  13  0:12  Overlord  
  13  0:17  Drone  
  14  0:30  Drone x2  
  16  0:46  Hatchery  
  15  0:51  Drone  
  15  0:54  Drone  
  17  0:57  Drone  
  18  1:08  Extractor  
  17  1:12  Spawning Pool  
  17  1:15  Drone  
  17  1:19  Drone  
  18  1:28  Drone  
  19  1:39  Drone  
  20  1:49  Drone  
  21  1:59  Queen x2  
  21  2:00  Zergling x2, Overlord  
  26  2:09  Metabolic Boost  
  26  2:10  Drone x2  
  28  2:22  Drone x2  
  30  2:31  Zergling x2  
  30  2:34  Hatchery  
  30  2:41  Queen  
  31  2:49  Drone, Overlord  
  32  2:58  Drone x3  
  35  3:12  Drone  
  36  3:14  Drone x7  
  43  3:22  Overlord, Evolution Chamber  
  42  3:32  Zergling x2  
  43  3:34  Overlord  
  43  3:41  Drone x4  
  43  3:43  Extractor  
  43  3:44  Extractor, Lair  
  43  3:46  Drone x2  
  47  3:51  Roach Warren  
  46  3:57  Drone x4  
  50  4:04  Zerg Missile Weapons Level 1  
  50  4:06  Overlord  
  50  4:07  Drone x2  
  53  4:10  Drone  
  53  4:17  Drone  
  53  4:18  Drone x2  
  56  4:27  Drone x2  
  56  4:29  Zergling x2  
  59  4:35  Drone x4  
  59  4:36  Overlord x3  
  59  4:38  Roach x2  
  67  4:42  Overseer  
  67  4:43  Glial Reconstitution  
  67  4:45  Extractor  
  66  4:46  Roach  
  66  4:51  Roach x2  
  72  4:54  Drone, Overlord x2  
  73  5:04  Roach x5  
  83  5:11  Roach x3  
  89  5:15  Roach  
  91  5:22  Roach x3  
  95  5:30  Roach x3  
  95  5:32  Extractor, Overlord x2  
  95  5:35  Drone  
  101  5:36  Roach x2  
  101  5:39  Roach x2  
  109  5:43  Overlord x2  
  109  5:44  Roach  
  111  5:50  Roach x3  
  117  5:57  Roach x2  
  117  6:00  Roach  
  117  6:01  Roach x2  
  117  6:02  Overlord  
  127  6:05  Overlord  
  127  6:06  Overlord  
  127  6:08  Roach x2  
  131  6:12  Roach x2  
  135  6:20  Roach x3  
  141  6:30  Roach x6  
  153  6:36  Roach x4  
  161  6:40  Overlord  
  161  6:41  Roach  
  155  6:49  Roach x5  
  148  6:55  Roach  
  140  7:04  Roach x4  
Show
View Real Time Build Order
Export as new Build Order

eGGz Zerg 

Build Orders: Hatch First 

Get SALT Encoding   

  12  0:00  Drone  
  13  0:12  Overlord  
  13  0:17  Drone  
  14  0:31  Drone x2  
  16  0:36  Drone  
  17  0:52  Hatchery  
  17  0:55  Drone  
  17  0:58  Drone  
  18  1:09  Extractor  
  17  1:12  Spawning Pool  
  17  1:18  Drone  
  17  1:20  Drone  
  18  1:28  Drone  
  20  1:40  Drone  
  20  1:50  Drone  
  21  2:00  Overlord  
  21  2:03  Queen  
  21  2:05  Queen  
  21  2:06  Zergling x2  
  26  2:11  Drone  
  26  2:14  Drone  
  28  2:22  Drone  
  29  2:26  Drone  
  30  2:33  Drone  
  31  2:38  Drone  
  31  2:43  Lair  
  31  2:45  Drone  
  31  2:48  Drone  
  33  2:53  Drone, Evolution Chamber  
  33  2:58  Drone, Roach Warren  
  33  3:03  Evolution Chamber  
  32  3:06  Drone  
  32  3:09  Drone  
  34  3:16  Drone, Overlord  
  35  3:21  Extractor, Zerg Missile Weapons Level 1  
  35  3:23  Extractor, Drone x2  
  35  3:24  Overlord  
  35  3:30  Overlord  
  35  3:37  Drone x4  
  39  3:41  Glial Reconstitution  
  39  3:47  Drone x4  
  43  3:58  Roach x3  
  43  3:59  Roach  
  43  4:02  Drone  
  52  4:03  Overlord  
  52  4:12  Overlord x2  
  52  4:17  Overseer  
  52  4:23  Drone  
  53  4:34  Roach x6  
  65  4:39  Hatchery  
  65  4:41  Overlord  
  64  4:46  Roach  
  64  4:52  Roach  
  68  4:55  Drone  
  68  4:56  Overlord  
  68  4:57  Roach  
  68  4:59  Roach x2  
  75  5:03  Drone x3  
  78  5:10  Zerg Ground Armor Level 1  
  78  5:11  Drone  
  79  5:17  Ravager  
  79  5:18  Drone  
  81  5:22  Drone  
  81  5:25  Overlord  
  81  5:28  Roach x3  
  83  5:34  Drone x4, Overlord  
  87  5:43  Overlord  
  87  5:44  Roach  
  89  5:53  Roach x2, Queen  
  89  5:55  Drone  
  96  5:59  Roach x3  
  102  6:05  Roach x2  
  102  6:06  Roach  
  108  6:12  Overlord  
  108  6:17  Roach x2  
  112  6:24  Roach  
  114  6:26  Overlord x3  
  114  6:29  Overlord  
  114  6:32  Roach  
  116  6:33  Ravager x2  
  116  6:34  Roach  
  116  6:37  Roach  
  114  6:48  Roach x3  
  114  6:50  Roach  
  114  6:52  Roach x3  
  105  6:56  Roach  
  95  7:01  Roach x2  
  95  7:04  Roach  
Tags
 
Add a new tag
Caveats
  • Supply blocks, unpowered buildings, or Contaminate may cause inaccurate times.
  • Supply counts are checked every 10 seconds.